 Dungeon Crawl Stone Soup version 0.20.1-1-g8b1a95d (webtiles) character file.

70 p0werm0de the Covered (level 4, -25/42 HPs)
             Began as a Deep Dwarf Fighter on Dec 13, 2017.
             Annihilated by an ogre
             ... wielding a +0 giant club
              (27 damage)
             ... on level 5 of the Dungeon.
             The game lasted 00:00:51 (712 turns).

p0werm0de the Covered (Deep Dwarf Fighter)           Turns: 712, Time: 00:00:51

Health: -25/42     AC:  7    Str: 21    XL:     4   Next: 4%
Magic:  4/4        EV:  7    Int:  8    God:
Gold:   41         SH:  9    Dex: 12    Spells: 3/3 levels left

rFire    . . .     SeeInvis .   a - +0 war axe
rCold    . . .     Gourm    .   c - +0 shield
rNeg     . . .     Faith    .   b - +0 scale mail
rPois    .         Spirit   .   (no helmet)
rElec    .         Reflect  .   (no cloak)
rCorr    .         Harm     .   (no gloves)
MR       .....                  (no boots)
Stlth    ..........             (no amulet)
Regen    0.0/turn               (no ring)
MPRegen  0.1/turn               (no ring)

@: non-regenerating
A: damage resistance, heal wounds, sense surroundings 1, no regeneration
a: Heal Wounds


You were on level 5 of the Dungeon.
You were not hungry.

You visited 1 branch of the dungeon, and saw 5 of its levels.

You collected 41 gold pieces.

Inventory:

Hand Weapons
 a - a +0 war axe (weapon)
Armour
 b - a +0 scale mail (worn)
 c - a +0 shield (worn)
Scrolls
 g - 2 scrolls of enchant armour {unknown}
 h - 3 scrolls of teleportation {unknown}
 i - a scroll of noise {unknown}
 r - 4 scrolls of identify {unknown}
Potions
 j - a potion of brilliance {unknown}
 q - 2 potions of curing {unknown}
 t - a potion of might {@q4}
Comestibles
 d - 2 chunks of flesh
 e - a meat ration {@e1}
 f - 3 bread rations {@e1}


   Skills:
 + Level 3.1 Fighting
 * Level 3.5 Axes
 + Level 3.7 Armour
 + Level 3.7 Shields


You had 3 spell levels left.
You didn't know any spells.

Dungeon Overview and Level Annotations

Branches:
Dungeon (5/15)
 Temple: D:4-7

Altars:
Ashenzari


Innate Abilities, Weirdness & Mutations

You are resistant to damage.
You can heal yourself by infusing magical energy.
You passively map a small area around you.
You do not regenerate.


Message History

You block the arrow. The ogre closely misses you.
Found a bread ration.
You hit the ogre.
The centaur shoots an arrow.
The arrow hits you. You block the ogre's attack.
The centaur shoots an arrow.
You block the arrow.
You completely miss the ogre.
The centaur shoots an arrow.
The arrow barely misses you. The ogre hits you with a giant club!!
Ouch! That really hurt!
* * * LOW HITPOINT WARNING * * *
The centaur shoots an arrow.
You block the arrow.
You are too injured to fight recklessly!
You are too injured to fight recklessly!
You are too injured to fight recklessly!
You are too injured to fight recklessly!
Unknown command.
You fail to use your ability.
The centaur shoots an arrow.
The arrow hits you.
* * * LOW HITPOINT WARNING * * *
The ogre hits you with a giant club!!
Ouch! That really hurt!
You die...

#.# ## #.# * .
#.# , #. #!# ,
, , #,##.#
#.#*
#.#...##.# *
#......#.# *
...!^..(<# ,
.....c.@(# , *
.......O.#* ,
...........
###...#......
..[....#####.#
** *#######..
, ., #..* , ,
, *#.% ** , *
,


You could see an ogre and a centaur.

Vanquished Creatures
  A howler monkey (D:4)
  A dart slug (D:2)
  5 orcs
  2 bats (D:1)
  3 goblins
  5 hobgoblins
  A kobold (D:1)
  3 frilled lizards
  7 rats
28 creatures vanquished.

Notes
Turn   | Place    | Note
-------+----------+-------------------------------------------
     0 | D:1      | p0werm0de the Deep Dwarf Fighter began the quest for the Orb.
     0 | D:1      | Reached XP level 1. HP: 20/20 MP: 1/1
   207 | D:1      | Reached XP level 2. HP: 27/27 MP: 2/2
   416 | D:3      | Reached XP level 3. HP: 29/34 MP: 3/3
   428 | D:4      | Found a shattered altar of Ashenzari.
   663 | D:4      | Reached XP level 4. HP: 31/42 MP: 4/4
   704 | D:5      | Entered Level 5 of the Dungeon
   704 | D:5      | Noticed a centaur
   705 | D:5      | Noticed an ogre
   712 | D:5      | HP: 2/42 [centaur/arrow (3)]
   712 | D:5      | Annihilated by an ogre

Skill      XL: |  1  2 |
---------------+-------+-----
Fighting       | 3 |  3.1
Axes           | 3 |  3.5
Armour         | |  3.7
Shields        | |  3.7

Action                   |  1- 3 |  4- 6 || total
-------------------------+-------+-------++-------
Melee: War axe           |    76 |    23 ||    99
Armor: Scale mail        |    27 |    14 ||    41
Dodge: Dodged            |    24 |     8 ||    32
Block: Shield            |    40 |    14 ||    54
